 Dungeon Crawl Stone Soup version 0.31-a0-187-gba352fbbf7 (webtiles) character file.

Game seed: 6106477215295755052

119 qw the Skirmisher (level 4, -1/25 HPs)
             Began as a Deep Elf Hunter on June 22, 2023.
             Slain by a gnoll
             ... wielding a +2 halberd of pain
              (19 damage)
             ... on level 3 of the Dungeon.
             The game lasted 00:00:43 (1965 turns).

qw the Skirmisher (Deep Elf Hunter)                 Turns: 1965, Time: 00:00:43

Health: -1/25      AC:  5    Str: 10    XL:     4   Next: 73%
Magic:  0/6        EV: 11    Int: 14    God:
Gold:   169        SH:  0    Dex: 18    Spells: 3/3 levels left

rFire   . . .        Y - +0 shortbow
rCold   . . .        (shield currently unavailable)
rNeg    . . .        f - +0 ring mail
rPois   .            (no helmet)
rElec   .            b - scarf {repulsion}
rCorr   .            (no gloves)
SInv    .            (no boots)
Will    .....        d - amulet of guardian spirit
Stlth   +            (no ring)
HPRegen 0.24/turn    (no ring)
MPRegen 0.10/turn

%: repel missiles, guardian spirit
@: no status effects
A: no striking features
a: no special abilities


You were on level 3 of the Dungeon.
You visited 1 branch of the dungeon, and saw 3 of its levels.

You collected 169 gold pieces.


   Skills:
 - Level 1.5 Fighting
 + Level 8.1 Ranged Weapons
 - Level 2.4 Dodging
 - Level 1.2 Stealth


You had 3 spell levels left.
You didn't know any spells.
Your spell library was empty.

Inventory:

Hand Weapons
 Y - a +0 shortbow (weapon)
Armour
 b - a scarf of repulsion (worn)
 f - a +0 ring mail (worn)
Jewellery
 d - an amulet of guardian spirit (around neck)
Scrolls
 c - 3 scrolls of identify
 g - a scroll of fear
Potions
 a - a potion of curing {unknown}
 e - a potion of might

Dungeon Overview and Level Annotations

Branches:
Dungeon (3/15)

Altars:
Hepliaklqana

Annotations:
D:3 exclusion: 3 rats


Message History

You see here a +0 dagger.
1919 ||| STILL FLEEEEING.
1920 ||| STILL FLEEEEING.
You start resting.
HP restored.
You see here a +0 dagger.
You now have 169 gold pieces (gained 7).
You see here a +0 war axe.
A gnoll comes into view. It is wielding a +2 halberd of pain.
The gnoll shouts!
You hear a shout!
Enter note:
Enter note:
Enter note:
Enter note:
Enter note:
Enter note:
Enter note:
Enter note:
Enter note:
Enter note:
Enter note:
Enter note: You shoot an arrow.
The arrow hits the gnoll but does no damage.
1959 ||| Stepping ~*~*~tactically~*~*~ (outnumbered).
You shoot an arrow. The arrow completely misses the gnoll.
You shoot an arrow. The arrow barely misses the gnoll.
The gnoll hits you from afar with a +2 halberd of pain!
You shoot an arrow. The arrow completely misses the gnoll.
The gnoll drinks a potion.
The gnoll seems to grow stronger.
You shoot an arrow.
The arrow hits the gnoll but does no damage.
The gnoll barely misses you.
You shoot an arrow. The arrow barely misses the gnoll.
The gnoll barely misses you.
You shoot an arrow.
The arrow hits the gnoll but does no damage.
The gnoll hits you from afar with a +2 halberd of pain!!
Ouch! That really hurt!
You die...

....#._..ยค..#.####.......#.#####.
#####...###......................
##### ########.......##.#####
###...####.# #...# #.# #######
############## #.# #.....#
#............ #.# #.###.#
#.###.#.#####.# #.# #.# #.#
#.##..@.#.....g ..# ##.###.#
#....#..gg# .......# #..#....#.#
##..#..# #..##.#.#.# #..#..#
#..##.#.#.###.# #.....#
#.............# #.##..#
##.##.###.##### #.(...# #.##.###)#
#####.# #........#


You could see 2 gnolls.

Vanquished Creatures
  5 gnolls
  An adder (D:3)
  A dart slug (D:1)
  8 endoplasms
  2 giant cockroaches (D:2)
  6 goblins
  3 hobgoblins
  2 jackals (D:3)
  A quokka (D:2)
  5 ball pythons
  5 bats
  4 frilled lizards (D:1)
  8 kobolds
  6 rats
57 creatures vanquished.

Notes
Turn   | Place    | Note
-------+----------+-------------------------------------------
     0 | D:1      | qw the Deep Elf Hunter began the quest for the Orb.
     0 | D:1      | Reached XP level 1. HP: 12/12 MP: 3/3
     0 | D:1      | 0 ||| qw: Version: 0.3-a-9-g12657ce
     0 | D:1      | 0 ||| qw: Game counter: 2403
     0 | D:1      | 0 ||| qw: Always use a shield: true
     0 | D:1      | 0 ||| qw: God list: Okawaru
     0 | D:1      | 0 ||| qw: Allow faded altars: false
     0 | D:1      | 0 ||| qw: Do Orc after D:15 true
     0 | D:1      | 0 ||| qw: Do second Lair branch before Depths: true
     0 | D:1      | 0 ||| qw: Lair rune preference: random
     0 | D:1      | 0 ||| qw: Plans: Normal
     0 | D:1      | 0 ||| PLANNING D:1-11
   113 | D:1      | Reached skill level 6 in Ranged Weapons
   113 | D:1      | Reached XP level 2. HP: 16/16 MP: 4/4
   555 | D:1      | Reached XP level 3. HP: 20/20 MP: 5/5
   558 | D:1      | 558 ||| UPGRADING to +0 ring mail.
   568 | D:1      | 568 ||| DROPPING +0 leather armour.
   569 | D:1      | 569 ||| UPGRADING to amulet of guardian spirit.
   574 | D:1      | 574 ||| READING scroll labelled GOIPNA BAOK.
   575 | D:1      | 575 ||| DROPPING scroll of butterflies.
   720 | D:2      | Reached skill level 7 in Ranged Weapons
  1164 | D:2      | 1164 ||| UPGRADING to scarf of repulsion.
  1169 | D:2      | 1169 ||| READING scroll labelled YQYCZY KO VUN.
  1266 | D:3      | Reached XP level 4. HP: 10/25 MP: 2/6
  1269 | D:3      | HP: 2/25 [gnoll/+4 flail of protection (7)]
  1405 | D:3      | Found a hazy altar of Hepliaklqana.
  1716 | D:3      | Reached skill level 8 in Ranged Weapons
  1758 | D:3      | Found a faded altar of an unknown god.
  1759 | D:3      | 1759 ||| READING 2 scrolls labelled CAEKKO HIRIPNI.
  1910 | D:3      | 1910 ||| FLEEEEING.
  1911 | D:3      | 1911 ||| FLEEEEING.
  1959 | D:3      | 1959 ||| Stepping ~*~*~tactically~*~*~ (outnumbered).
  1965 | D:3      | Slain by a gnoll

Levels and vault maps discovered:
D:1:      matt_arrival_grand_opening, layout_loops_ring
D:2:      layout_loops_ring, grunt_decor_resistance
D:3:      layout_loops_corners, nzn_hepliaklqana_mist_gate,
          shapermc_ecumenical_altar_ellora

Skill      XL: |  1  2  3  4 |
---------------+-------------+-----
Ranged Weapons | 6 7 8 |  8.1
Fighting       | |  1.5
Dodging        | |  2.4
Stealth        | |  1.2

Action                     |  1- 3 |  4- 6 || total
---------------------------+-------+-------++-------
   Fire: Shortbow          |   107 |    53 ||   160
    Use: Scroll            |     2 |     1 ||     3
 Armour: Leather armour    |     3 |       ||     3
         Ring mail         |     6 |     1 ||     7
  Dodge: Dodged            |    17 |    10 ||    27

Table legend:
 A = Non-vault XP
 B = Vault XP
 C = Vault XP percentage of total XP
 D = Non-vault monster count
 E = Vault monster count
 F = Vault count percentage of total count
                 A         B        C        D         E       F
            +---------+---------+-------+---------+---------+-------
      Total |     170 |       0 |   0.0 |      57 |       0 |   0.0
            +---------+---------+-------+---------+---------+-------
        D:1 |      51 |       0 |   0.0 |      24 |       0 |   0.0
        D:2 |      31 |       0 |   0.0 |      16 |       0 |   0.0
        D:3 |      88 |       0 |   0.0 |      17 |       0 |   0.0
            +---------+---------+-------+---------+---------+-------
